 Dungeon Crawl Stone Soup version 0.28.0 (webtiles) character file.

Game seed: 14849372524800924973

1939 AmazingTV the Skirmisher (level 8, -3/74 HPs)
             Began as a Minotaur Fighter on July 1, 2022.
             Slain by an orc warlord (25 damage)
             ... in a bailey.
             The game lasted 00:18:32 (5575 turns).

AmazingTV the Skirmisher (Minotaur Fighter)         Turns: 5575, Time: 00:18:33

Health: -3/74      AC: 17    Str: 21    XL:     8   Next: 98%
Magic:  16/16      EV:  9    Int:  5    God:
Gold:   150        SH:  5    Dex: 12    Spells: 7/7 levels left

rFire   . . .      SeeInvis .   b - +0 morningstar (protect) {mace}
rCold   + . .      Faith    .   c - +0 buckler
rNeg    . . .      Spirit   .   D - +0 scale mail
rPois   .          Reflect  .   (helmet restricted)
rElec   .          Harm     .   (no cloak)
rCorr   .          Rampage  .   x - +0 pair of gloves
Will    .....                   g - +0 pair of boots
Stlth   ..........              (no amulet)
HPRegen 0.22/turn               t - ring of protection from cold
MPRegen 0.15/turn               z - ring of magical power

@: mighty, under a protective aura
A: horns 2, retaliatory headbutt
a: no special abilities


You were in a bailey.
You visited 1 branch of the dungeon, and saw 7 of its levels.
You also visited: Bailey.

You collected 259 gold pieces.
You spent 109 gold pieces at shops.


Innate Abilities, Weirdness & Mutations

You have a pair of horns on your head.
You reflexively headbutt those who attack you in melee.


   Skills:
 + Level 7.9 Fighting
 - Level 6.7(7.0) Axes
 + Level 2.7(5.1) Maces & Flails
 + Level 2.5 Crossbows
 + Level 7.9 Armour
 - Level 7.2 Shields


You had 7 spell levels left.
You didn't know any spells.
Your spell library contained the following spells:

 Spells                   Type           Power      Damage    Failure   Level
 Sting                    Tmut/Pois      0%         1d3       85%         1
 Dispel Undead            Necr           0%         3d6       100%        4
 Alistair's Intoxication  Tmut/Pois      0%         N/A       100%        5

Inventory:

Hand Weapons
 a - a +0 war axe {axe}
 b - a +0 morningstar of protection (weapon) {mace}
   (You found it on level 7 of the Dungeon)
 f - a +0 battleaxe {axe}
   (You took it off an orc warrior in a bailey)
 v - a +0 flail {mace}
   (You took it off an orc on level 6 of the Dungeon)
 E - a +0 hand axe {axe}
   (You took it off an orc on level 7 of the Dungeon)
Missiles
 i - 62 stones
 k - 84 arrows
 m - 31 boomerangs
 n - 10 poisoned darts (quivered)
 A - 18 bolts
 B - 2 atropa-tipped darts
Armour
 c - a +0 buckler (worn)
 g - a +0 pair of boots (worn)
   (You found it on level 1 of the Dungeon)
 x - a +0 pair of gloves (worn)
   (You found it on level 6 of the Dungeon)
 D - a +0 scale mail (worn)
Magical Staves
 y - a staff of fire {!astaff}
   (You found it on level 7 of the Dungeon)
Jewellery
 t - a ring of protection from cold (left hand)
   (You found it on level 6 of the Dungeon)
 z - a ring of magical power (right hand)
   (You found it on level 6 of the Dungeon)
Wands
 p - a wand of flame (13)
   (You took it off Jessica on level 2 of the Dungeon)
 u - a wand of digging (4)
   (You found it on level 6 of the Dungeon)
Scrolls
 h - 2 scrolls of fear
 l - 2 scrolls of identify {@r1}
 q - a scroll of summoning
 r - 3 scrolls of teleportation {unknown}
 s - a scroll of amnesia {unknown}
 C - 2 scrolls of enchant armour {unknown}
 G - a scroll of brand weapon {unknown}
Potions
 d - 2 potions of mutation {!q}
 e - a potion of cancellation {unknown}
 j - a potion of attraction {!q}
 o - a potion of brilliance
 w - 2 potions of invisibility
 F - a potion of might

Dungeon Overview and Level Annotations

Branches:
Dungeon (7/15)             Bailey (1/1)
 Temple: D:4-7

Altars:
Elyvilon
Fedhas

Shops:
D:6 ?

Annotations:
D:4 Edmund

##### ##### ##...## ##...##
##.....## ##.....##
##.......#######.......##
##..8..8...........8..8..##
#.........................#
#.............)@..........#
#...8......#''o#......8...#
##......####≈≈≈####......##
♣##.....#≈≈≈≈≈≈≈≈≈#.....##♣
♣.##....#≈.8...8.≈#....##.♣
♣♣..###'###.......###'###..♣♣
♣...≈≈≈.#≈≈.8...8.≈≈#.≈≈)...♣
♣...)≈≈.#≈.........≈#.≈≈≈...♣♣
∩...)≈≈.#≈....∩....≈#.≈≈≈...∩♣


You could see an orc warlord.


Message History

You kill the gnoll!
You hear a splash. x2
You throw a poisoned dart. The poisoned dart hits the orc warrior.
The orc warrior is poisoned.
You hear a splash.
The orc warrior hits you with a +0 battleaxe! 😕 HP[-16]
You take 16 damage, and now have 58/74 hp.
MASSIVE DAMAGE!! (PAUSE)
You enter the shallow water.
Moving in this stuff is going to be slow.
The orc warrior looks more healthy.
The orc warrior closely misses you. You furiously retaliate!
You headbutt the orc warrior, but do no damage.
The orc warrior hits you with a +0 battleaxe! 😮 HP[-14]
You take 14 damage, and now have 44/74 hp. 😮 HP[+1]
There is an open door here. 😮 HP[+1]
You are too injured to fight recklessly!
Throw: 6 darts (poison)
Press: ? - help, Q - select action, (/) - cycle Shift-Dir - straight line, f/p - orc warrior
Aim: an orc warrior, wielding a +0 battleaxe and wearing a +0 scale mail (lightly wounded, 53% to hit)
You throw a poisoned dart. The poisoned dart hits the orc warrior.
You hit the orc warrior but do no damage.
Your weapon exudes an aura of protection.
You headbutt the orc warrior! The orc warrior closely misses you.
You furiously retaliate!
You headbutt the orc warrior. You completely miss the orc warrior.
You headbutt the orc warrior!
The orc warrior hits you with a +0 battleaxe! x2
* * * LOW HITPOINT WARNING * * *
😨 HP[-19]
You take 19 damage, and now have 27/74 hp.
MASSIVE DAMAGE!! (PAUSE)
You puncture the orc warrior!
You kill the orc warrior!
You start resting. 😎 HP[+47]
Your hp is fully restored (74).
Things that are here:
a +0 battleaxe {axe}; a +0 scale mail
f - a +0 battleaxe {axe}
n - 6 poisoned darts (gained 1)
There is an open door here.
You enter the shallow water.
Moving in this stuff is going to be slow.
n - 7 poisoned darts (gained 1)
Things that are here:
a +0 war axe {axe}; a +0 leather armour; a gnoll skeleton
There is an open door here.
n - 8 poisoned darts (gained 1)
n - 9 poisoned darts (gained 1)
n - 10 poisoned darts (gained 1)
F - a potion of might
w - 2 potions of invisibility (gained 1)
The orc warlord shouts!
F - 2 potions of might (gained 1)
G - a scroll labelled QUIRCH QIQUINUH You now have 137 gold pieces (gained 13).
r - 3 scrolls labelled HAN OQOIHO BOA (gained 1)
You now have 150 gold pieces (gained 13).
There is an open door here.
There is an open door here.
You see here a +0 scale mail.
There is an open gate here.
There is an empty arch of ancient stone here.
There is an open gate here.
You see here a +0 scale mail.
There is an open door here.
There is an open door here.
Okay, then.
You open the gate.
You feel very mighty all of a sudden.
The orc warlord hits you with a +0 war axe!! 😮 HP[-27]
You take 27 damage, and now have 47/74 hp.
MASSIVE DAMAGE!! (PAUSE)
You closely miss the orc warlord. Your headbutt misses the orc warlord.
You block the orc warlord's attack.
The orc warlord hits you with a +0 war axe! 😮 HP[-8]
You take 8 damage, and now have 39/74 hp.
You bludgeon the orc warlord!!
Your weapon exudes an aura of protection.
The goblin hits you but does no damage.
The orc warlord hits you with a +0 war axe. 😮 HP[-1]
You take 1 damage, and now have 38/74 hp.
You impale the orc warlord!! The goblin barely misses you.
You furiously retaliate!
You headbutt the goblin!
You kill the goblin!
The orc warlord hits you with a +0 war axe!
* * * LOW HITPOINT WARNING * * *
😨 HP[-17]
You take 17 damage, and now have 21/74 hp.
MASSIVE DAMAGE!! (PAUSE)
You puncture the orc warlord! You headbutt the orc warlord!
The orc warlord hits you with a +0 war axe!!
You die...

Skill      XL: |  1  2  3  4  5  6  7  8 |
---------------+-------------------------+-----
Fighting       | 4 5 6 7 |  7.9
Axes           | 3 4 5 6 |  6.7
Armour         | 4 5 6 7 |  7.9
Shields        | 4 5 6 7 |  7.2
Maces & Flails | 2 |  2.7
Crossbows      | 2 |  2.5

Action                   |  1- 3 |  4- 6 |  7- 9 || total
-------------------------+-------+-------+-------++-------
Melee: War axe           |    55 |    73 |   104 ||   232
       Headbutt          |    11 |    16 |    32 ||    59
       Morningstar       |       |       |    80 ||    80
Throw: Dart              |       |       |    16 ||    16
       Boomerang         |       |       |     4 ||     4
  Use: Potion            |       |     1 |     3 ||     4
       Scroll            |       |       |     8 ||     8
Armor: Scale mail        |    21 |    33 |   102 ||   156
Dodge: Dodged            |    14 |    34 |   113 ||   161
Block: Buckler           |    15 |    21 |    59 ||    95

Levels and vault maps discovered:
D:1:      scummos_arrival_hexagon, layout_basic
D:2:      layout_basic, ebering_ecumenical_altar_petrified,
          minmay_misc_feat_nine_boxes, uniq_jessica
D:3:      layout_basic, mainiacjoe_overflow_concentric_impassable,
          mainiacjoe_overflow_paths, overflow_temple_1_default,
          nicolae_gozag_cash_rules_everything_around_me, dk_vineyard_1
D:4:      layout_basic, fedhas_altar_2, minmay_temple_entry_wispy, uniq_robin,
          uniq_edmund
D:5:      layout_basic, minmay_misc_feat_hallway, uniq_eustachio
D:6:      layout_basic, serial_shops, nicolae_shop_trees, st_stairs_14
D:7:      layout_basic, enter_bailey_4, kennysheep_flooded_box,
          supply_closet_lemuel, st_stairs_1
Bailey:   bailey_axe_bossmonster_kennysheep, bailey

Notes
Turn   | Place    | Note
-------+----------+-------------------------------------------
     0 | D:1      | AmazingTV the Minotaur Fighter began the quest for the Orb.
     0 | D:1      | Reached XP level 1. HP: 19/19 MP: 0/0
     0 | D:1      | magus.rc [v1.9.6]
   453 | D:1      | Reached XP level 2. HP: 27/27 MP: 1/1
   772 | D:2      | Reached skill level 4 in Fighting
   772 | D:2      | Reached skill level 3 in Axes
   772 | D:2      | Reached skill level 4 in Armour
   772 | D:2      | Reached skill level 4 in Shields
   948 | D:2      | Noticed Jessica
   952 | D:2      | Reached XP level 3. HP: 33/33 MP: 2/2
   956 | D:2      | Killed Jessica
  1048 | D:2      | Found a faded altar of an unknown god.
  1051 | D:2      | Reached XP level 4. HP: 41/41 MP: 3/3
  1257 | D:3      | Found a white marble altar of Elyvilon.
  1317 | D:3      | You fall into a shaft and drop 1 floor!
  1547 | D:4      | Found a blossoming altar of Fedhas.
  1703 | D:4      | Noticed Edmund
  1779 | D:5      | Entered Level 5 of the Dungeon
  1829 | D:5      | Reached XP level 5. HP: 43/47 MP: 4/4
  1860 | D:5      | Reached skill level 4 in Axes
  1922 | D:5      | Reached skill level 5 in Fighting
  1922 | D:5      | Reached skill level 5 in Armour
  1922 | D:5      | Reached skill level 5 in Shields
  2155 | D:5      | Noticed a centaur
  2182 | D:5      | Killed a centaur
  2183 | D:5      | Reached XP level 6. HP: 28/56 MP: 5/5
  2472 | D:5      | Noticed a water moccasin
  2482 | D:5      | Killed a water moccasin
  2483 | D:5      | Reached skill level 5 in Axes
  2483 | D:5      | Reached XP level 7. HP: 37/62 MP: 6/6
  2714 | D:5      | Reached skill level 6 in Fighting
  2714 | D:5      | Reached skill level 6 in Armour
  2714 | D:5      | Reached skill level 6 in Shields
  2819 | D:5      | Noticed Eustachio
  3200 | D:5      | Killed Eustachio
  3201 | D:5      | Reached skill level 6 in Axes
  3376 | D:6      | Reached XP level 8. HP: 70/71 MP: 7/7
  3617 | D:6      | Found Kaejy's Magic Scroll Shoppe.
  3626 | D:6      | Bought a scroll of noise for 11 gold pieces
  3626 | D:6      | Bought a scroll of magic mapping for 38 gold pieces
  3626 | D:6      | Bought a scroll of identify for 22 gold pieces
  3626 | D:6      | Bought a scroll of fear for 38 gold pieces
  4131 | D:6      | Reached skill level 7 in Fighting
  4131 | D:6      | Reached skill level 7 in Armour
  4131 | D:6      | Reached skill level 7 in Shields
  4266 | D:6      | Identified the +1 robe of Skepticism {Harm rElec}
  4307 | D:6      | You add the spells Sting, Dispel Undead and Alistair's
                  | Intoxication to your library.
  4307 | D:6      | Got the Collected Works on Unstable Necromancy
  4452 | D:7      | Found a flagged portal.
  4479 | Bailey   | Entered a bailey
  4484 | Bailey   | Noticed an orc warlord
  4542 | Bailey   | Reached skill level 1 in Maces & Flails
  4542 | Bailey   | Reached skill level 1 in Crossbows
  4755 | Bailey   | HP: 15/73 [orc warrior (9)]
  4818 | Bailey   | Reached skill level 2 in Maces & Flails
  4818 | Bailey   | Reached skill level 2 in Crossbows
  4844 | Bailey   | HP: 18/74 [orc warrior (12)]
  4846 | Bailey   | HP: 8/74 [orc warrior (8)]
  5465 | Bailey   | Found a runed translucent gate.
  5467 | Bailey   | Found a runed translucent gate.
  5468 | Bailey   | Found a runed translucent gate.
  5575 | Bailey   | Slain by an orc warlord

Vanquished Creatures
  Eustachio (D:5)
  A water moccasin (D:5)
  5 orc warriors (Bailey)
  A sky beast (D:6)
  2 necrophages (D:5)
  2 ogres
  2 centaurs (D:5)
  A kobold brigand (D:7)
  2 scorpions (D:5)
  A howler monkey (D:6)
  A centaur zombie (D:6)
  A centaur skeleton (D:5)
  An orc priest (D:4)
  2 hounds (D:6)
  Jessica (D:2)
  An iguana (D:6)
  A hound zombie (D:5)
  A howler monkey zombie (D:5)
  2 gnolls (Bailey)
  A howler monkey skeleton (D:5)
  7 adders
  2 worms (D:2)
  16 orcs
  4 endoplasms
  2 giant cockroaches (D:2)
  5 goblins
  4 hobgoblins
  15 kobolds
  A quokka (D:4)
  3 ball pythons (D:4)
  A bat (D:1)
  5 frilled lizards (D:2)
  3 rats (D:2)
98 creatures vanquished.

Table legend:
 A = Non-vault XP
 B = Vault XP
 C = Vault XP percentage of total XP
 D = Non-vault monster count
 E = Vault monster count
 F = Vault count percentage of total count
                 A         B        C        D         E       F
            +---------+---------+-------+---------+---------+-------
      Total |    1758 |    1013 |  36.6 |      65 |      33 |  33.7
            +---------+---------+-------+---------+---------+-------
        D:1 |      13 |       0 |   0.0 |       7 |       0 |   0.0
        D:2 |      54 |      37 |  40.7 |      17 |       1 |   5.6
        D:3 |       1 |       0 |   0.0 |       1 |       0 |   0.0
        D:4 |      60 |       0 |   0.0 |      10 |       0 |   0.0
        D:5 |    1044 |     197 |  15.9 |      19 |       1 |   5.0
        D:6 |     482 |      17 |   3.4 |       8 |       2 |  20.0
        D:7 |     104 |      14 |  11.9 |       3 |       5 |  62.5
     Bailey |       0 |     748 | 100.0 |       0 |      24 | 100.0
            +---------+---------+-------+---------+---------+-------

Illustrated notes

Table legend:
 A = Kills in this place as a percentage of kills in entire the game.
 B = Kills by you in this place as a percentage of kills by you in the entire game.
 C = Kills by friends in this place as a percentage of kills by friends in the entire game.
 D = Other kills in this place as a percentage of other kills in the entire game.
 E = Experience gained in this place as a percentage of experience gained in the entire game.
 F = Experience gained in this place divided by the number of levels of this place that you have seen.
                   A       B       C       D       E      F
               +-------+-------+-------+-------+-------+----------------------
         Total | 100.0 | 100.0 |   N/A |   N/A | 100.0 | 346.4
       Dungeon |  75.5 |  75.5 |   N/A |   N/A |  73.0 | 289.0
        Bailey |  24.5 |  24.5 |   N/A |   N/A |  27.0 | 748.0
               +-------+-------+-------+-------+-------+----------------------

Table legend: (Time is in decaauts)
 A = Elapsed time spent in this place.
 B = Non-inter-level travel time spent in this place.
 C = Inter-level travel time spent in this place.
 D = Time resting spent in this place.
 E = Time spent auto-exploring this place.
 F = Levels seen in this place.
 G = Mean time per level.
                   A        B        C        D        E       F      G
               +--------+--------+--------+--------+--------+-----+--------+
         Total |   5683 |   5640 |     43 |   1874 |   2716 |   8 |  710.4 |
       Dungeon |   4555 |   4512 |     43 |   1213 |   2520 |   7 |  650.7 |
        Bailey |   1127 |   1127 |      0 |    661 |    195 |   1 | 1127.0 |
               +--------+--------+--------+--------+--------+-----+--------+

Top non-repeatable levels by time:
     D:5: 1567 daAuts
  Bailey: 1127 daAuts
     D:6: 1062 daAuts
     D:2: 640 daAuts
     D:1: 639 daAuts
     D:4: 473 daAuts
     D:7: 110 daAuts
     D:3: 61 daAuts
